 Dungeon Crawl Stone Soup version 0.27-a0-695-gb4952372f7 (webtiles) character file.

Game seed: 10837311832836199807

122881 Aapotti the Thaumaturge (level 15, -1/121 HPs)
             Began as a Demigod Venom Mage on Mar 21, 2021.
             Drowned by a water elemental (11 damage)
             ... on level 3 of the Lair of Beasts on Mar 22, 2021.
             The game lasted 03:51:09 (45068 turns).

Aapotti the Thaumaturge (Demigod Venom Mage)       Turns: 45068, Time: 03:51:10

Health: -1/121     AC: 25    Str: 17    XL:     15   Next: 88%
Magic:  31/36      EV: 14    Int: 35    God:
Gold:   2192       SH:  0    Dex: 14    Spells: 5/38 levels left

rFire    + + .     SeeInvis +   u - +7 Singing Sword {vorpal, sonic wave}
rCold    + . .     Faith    .   (no shield)
rNeg     + . .     Spirit   .   Z - +5 scale mail of Honesty {Stlth+}
rPois    .         Reflect  .   W - +2 helmet {SInv}
rElec    +         Harm     .   H - +0 cloak
rCorr    .         Rampage  .   d - +2 pair of gloves of the Turtle {rN+}
Will     +....                  e - +2 pair of boots {Stlth+}
Stlth    ++........             C - amulet of regeneration
HPRegen  1.30/turn              s - ring "Boqun" {rElec rF++ rC+}
MPRegen  0.25/turn              S - +6 ring of intelligence

@: engulfed (cannot breathe), very slow
A: high mp 1, forlorn, claws 1, talons 1
a: no special abilities


You were on level 3 of the Lair of Beasts.
You visited 5 branches of the dungeon, and saw 27 of its levels.
You also visited: Bailey.

You collected 3152 gold pieces.
You spent 960 gold pieces at shops.

Inventory:

Hand Weapons
 j - a +0 long sword of draining
 r - a +0 whip of electrocution
 u - the +7 Singing Sword (weapon) {vorpal, sonic wave}
   (You found it on level 6 of the Lair of Beasts)

   It inflicts extra damage upon your enemies.
Missiles
 L - 2 curare-tipped darts
Armour
 d - the +2 pair of gloves of the Turtle (worn) {rN+}
   (You found it on level 5 of the Lair of Beasts)

   It protects you from negative energy.
 e - a +2 pair of boots of stealth (worn)
 q - a +0 buckler
 H - a +0 cloak (worn)
 W - a +2 helmet of see invisible (worn)
 Z - the +5 scale mail of Honesty (worn) {Stlth+}
   (You found it on level 11 of the Dungeon)

   It makes you more stealthy.
Magical Staves
 l - a staff of poison
Jewellery
 c - a ring of fire
 f - an amulet of reflection
 s - the ring "Boqun" (right hand) {rElec rF++ rC+}
   (You bought it in a shop on level 2 of the Orcish Mines)

   [ring of protection from cold]

   It greatly protects you from fire.
   It protects you from cold.
   It insulates you from electricity.
 w - a ring of flight
 B - a ring of protection from cold
 C - an amulet of regeneration (around neck)
 M - a ring of resist corrosion
 P - a ring of willpower
 S - a +6 ring of intelligence (left hand)
Wands
 b - a wand of mindburst (55)
 x - a wand of paralysis (6)
 A - a wand of acid (3)
 V - a wand of iceblast (20)
 Y - a wand of digging (11)
Scrolls
 h - 4 scrolls of amnesia
 n - a scroll of identify
 o - 11 scrolls of teleportation
 t - 2 scrolls of holy word
 y - 2 scrolls of enchant weapon
 F - a scroll of fear
 I - 2 scrolls of magic mapping
 K - 2 scrolls of blinking
 N - 3 scrolls of enchant armour
 Q - a scroll of fog
 U - 4 scrolls of silence
Potions
 a - 7 potions of berserk rage
 g - 4 potions of lignification
 i - 4 potions of cancellation
 k - 8 potions of curing
 m - 4 potions of flight
 p - 8 potions of brilliance
 v - 3 potions of resistance
 z - a potion of invisibility
 D - 2 potions of mutation
 J - 4 potions of magic
 O - 6 potions of haste
 R - 2 potions of might
 X - a potion of ambrosia
Miscellaneous
 E - a phantom mirror
 T - a lightning rod (inert)


   Skills:
 - Level 8.0 Fighting
 + Level 7.8 Long Blades
 + Level 10.1 Armour
 - Level 10.0 Dodging
 - Level 6.0 Stealth
 + Level 1.1 Shields
 - Level 12.0 Spellcasting
 - Level 2.0 Conjurations
 - Level 8.0 Summonings
 + Level 8.1 Necromancy
 - Level 2.0 Transmutations
 - Level 2.0 Fire Magic
 - Level 4.0 Ice Magic
 - Level 4.0 Air Magic
 + Level 1.2 Earth Magic
 - Level 9.0 Poison Magic
 - Level 4.0 Evocations


You had 5 spell levels left.
You knew the following spells:

 Your Spells              Type           Power      Damage    Failure   Level
a - Sting                 Tmut/Pois      100%       1d8       1%          1
b - Poisonous Vapours     Pois/Air       100%       N/A       1%          2
c - Mephitic Cloud        Conj/Pois/Air  54%        N/A       1%          3
d - Ignite Poison         Fire/Tmut/Pois 50%        N/A       2%          3
e - Olgreb's Toxic Radia  Pois           71%        N/A       1%          4
f - Summon Ice Beast      Ice/Summ       58%        N/A       4%          4
g - Summon Guardian Gole  Hex/Summ       49%        N/A       3%          3
h - Summon Lightning Spi  Summ/Air       58%        N/A       4%          4
i - Borgnjor's Vile Clut  Necr/Erth      26%        N/A       22%         5
j - Dispel Undead         Necr           67%        3d23      1%          4

Your spell library contained the following spells:

 Spells                   Type           Power      Damage    Failure   Level
 Pain                     Necr           100%       1d9       1%          1
 Summon Small Mammal      Summ           100%       N/A       1%          1
 Call Imp                 Summ           67%        N/A       1%          2
 Corpse Rot               Necr/Air       N/A        N/A       1%          2
 Call Canine Familiar     Summ           67%        N/A       1%          3
 Magic Dart               Conj           100%       1d8       2%          1
 Ensorcelled Hibernation  Hex/Ice        70%        N/A       3%          2
 Corona                   Hex            23%        N/A       5%          1
 Excruciating Wounds      Necr           33%        N/A       5%          5
 Conjure Flame            Conj/Fire      35%        6-21      7%          3
 Blink                    Tloc           N/A        N/A       9%          2
 Slow                     Hex            21%        N/A       9%          2
 Dazzling Flash           Conj/Hex       56%        N/A       11%         3
 Inner Flame              Hex/Fire       28%        N/A       11%         3
 Confusing Touch          Hex            21%        N/A       16%         3
 Portal Projectile        Hex/Tloc       42%        N/A       16%         3
 Tukima's Dance           Hex            21%        N/A       16%         3
 Ice Form                 Ice/Tmut       42%        N/A       16%         4
 Leda's Liquefaction      Hex/Erth       12%        N/A       38%         4
 Cause Fear               Hex            10%        N/A       47%         4
 Metabolic Englaciation   Hex/Ice        17%        N/A       54%         5
 Death Channel            Necr           33%        N/A       28%         6
 Starburst                Conj/Fire      17%        8x6d6     98%         6
 Dispersal                Tloc           10%        N/A       100%        6
 Disjunction              Tloc           10%        N/A       100%        8
 Ignition                 Fire           17%        3d7       100%        8


Dungeon Overview and Level Annotations

Branches:
Dungeon (15/15)            Temple (0/1) D:4            Lair (6/6) D:9
 Shoals (1/4) Lair:3       Spider (3/4) Lair:4        Slime (0/5) Lair:6
    Orc (2/2) D:11            Elf (0/3) Orc:2        Vaults (0/5) D:14
 Depths (0/5) D:15         Bailey (visited)

Shops:
D:4 !   D:5 !   D:9 (   Orc:2 =[:!

Portals:
Trove: D:11 (give 2 scrolls of acquirement)

Annotations:
D:12 1 runed translucent door
Lair:3 2 transporters, stripedtigrrr's ghost, journeyman GnAK
Spider:3 3 runed translucent doors, Kefeps's ghost, adept MiBe


Innate Abilities, Weirdness & Mutations

Your attributes grow dramatically as you level up.
You have an increased reservoir of magic. (+10% MP)
You shall have no god before yourself.
You have sharp fingernails.
You have sharp toenails.


Message History

Unknown command.
You slash the water elemental!
The water elemental is severely damaged.
* * * LOW HITPOINT WARNING * * *
Your lungs strain for air!
A nearby plant withers and dies.
The water elemental hits you. x2
Unknown command.
You barely miss the water elemental.
The water elemental is severely damaged.
* * * LOW HITPOINT WARNING * * *
Your lungs strain for air!
The water elemental hits you. x2
Unknown command.
Your unstable footing causes you to fumble your attack.
* * * LOW HITPOINT WARNING * * *
Your lungs strain for air!
The water elemental closely misses you.
You riposte.
You hit the water elemental.
The water elemental is severely damaged.
The water elemental hits you.
You feel better.
* * * LOW HITPOINT WARNING * * *
Your lungs strain for air!
The water elemental misses you. The water elemental hits you.
Your unstable footing causes you to fumble your attack.
* * * LOW HITPOINT WARNING * * *
Your lungs strain for air!
The water elemental hits you. x2
Unknown command.
You feel better.
* * * LOW HITPOINT WARNING * * *
Your lungs strain for air!
The water elemental barely misses you.
You riposte.
Your unstable footing causes you to fumble your attack.
The water elemental closely misses you.
You riposte.
You hit the water elemental.
The water elemental is almost destroyed.
You slash the water elemental!
You destroy the water elemental!
You die...

##.........P# ##.P## ##.#.....
#..........P# #..# #.......#
............## #### #P......#
............P# #### ##.......
.............# ##≈≈## #.....##.
.............# #≈≈≈≈# #...).###
............####≈≈≈≈# #.#.###
..........### #≈≈E≈≈# ##...#
..........## ##≈@≈≈## ###.##
.........#.###≈≈≈≈## #######..#
..............≈≈≈## ##........#
.....#.........≈#####.P......##
....##...#......#..##.........#
###.##..#.#.....#.####.P......##
####.P###.....#...###........##
#.## ##...≈##.#####........#
#.## ##.≈≈≈##..##........##


You could see a water elemental.

Vanquished Creatures
  Jorgrun (D:13)
  Kirke (D:13)
  Donald (Spider:3)
  3 ghost moths
  An emperor scorpion (Spider:3)
  Louise (Spider:1)
  An entropy weaver (Spider:3)
  2 spark wasps (Spider:2)
  A minotaur (Lair:5)
  A fire dragon (D:15)
  Fannar (D:11)
  4 boulder beetles
  2 vault guards (D:14)
  Erolcha (Orc:2)
  A merfolk aquamancer (Shoals:1)
  An ogre mage (Orc:2)
  A centaur warrior (D:14)
  A death knight (D:13)
  A tengu warrior (D:15)
  10 death yaks
  Nergalle (Orc:2)
  2 two-headed ogres
  2 skeletal warriors (D:14)
  4 unseen horrors
  10 wizards
  13 orb spiders
  A necromancer (D:14)
  8 orc sorcerers
  13 wolf spiders
  An oklob plant (Lair:5)
  5 deep elf pyromancers
  2 orc knights
  2 manticores
  3 ugly things
  A moth of wrath (Spider:1)
  3 centaur zombies
  An elephant (Lair:5)
  A merfolk siren (Lair:3)
  2 gargoyles
  A torpor snail (Spider:3)
  Maggie (D:8)
  4 cane toads
  9 komodo dragons
  A rime drake (Lair:3)
  2 yaktaurs (D:11)
  6 demonic crawlers
  A tengu conjurer (D:11)
  2 kobold demonologists (D:15)
  6 trolls
  A polar bear (Lair:2)
  A meliai (shapeshifter) (D:13)
  24 jumping spiders
  3 hornets
  4 tyrant leeches (Lair:6)
  20 blink frogs
  3 slime creatures
  Sigmund (D:4)
  A dream sheep (Lair:6)
  28 redbacks
  A shadow (D:15)
  4 wraiths
  11 tarantellas
  2 vampires (D:15)
  5 wyverns
  3 water elementals
  2 yaks (shapeshifter)
  A steam dragon (D:8)
  15 yaks
  3 basilisks
  A human (shapeshifter) (D:14)
  3 hogs (D:13)
  2 vampire mosquitoes
  18 humans (D:14)
  4 water moccasins
  29 orc warriors
  2 sky beasts
  2 black bears
  A necrophage (D:13)
  5 ice beasts
  4 ogres
  7 wolves
  10 centaurs
  4 phantoms
  4 kobold brigands
  24 bullfrogs
  A wyvern skeleton (D:8)
  16 killer bees
  4 wights (D:6)
  5 howler monkeys
  A nameless horror (D:11)
  12 electric eels
  4 bullfrog zombies
  A quasit (D:9)
  Crazy Yiuf (D:7)
  7 jellies
  18 orc priests
  2 bullfrog skeletons
  6 centaur skeletons
  5 hounds
  Jessica (D:2)
  4 hell rats (Lair:4)
  5 iguanas
  35 orc wizards
  Natasha (thrice) (D:4)
  17 worker ants
  A worker ant zombie (D:6)
  8 gnolls
  18 adders
  A shadow imp (D:8)
  4 white imps
  2 ufetubi
  2 oozes
  4 worms
  4 leopard geckos
  113 orcs
  6 bats
  2 giant cockroaches
  15 goblins
  11 hobgoblins
  8 jackals
  4 quokkas
  6 ball pythons
  8 frilled lizards
  33 kobolds
  A quokka skeleton (D:5)
  7 rats
803 creatures vanquished.

Vanquished Creatures (collateral kills)
  Arachne (Spider:2)
  An orc warlord (Orc:2)
  The ghost of omer1ben the Destroyer, a journeyman DrFE of Vehumet (Lair:5)
  An ice dragon (D:15)
  A hydra (Lair:3)
  A death knight (D:11)
  A two-headed ogre (D:13)
  A skeletal warrior (D:14)
  5 oklob plants
  2 black mambas
  14 cane toads
  A centaur skeleton (D:13)
  5 komodo dragons
  A troll (D:13)
  5 blink frogs
  2 slime creatures (D:12)
  4 dream sheep (Lair:6)
  A redback (Spider:2)
  A water elemental (D:13)
  6 vampire mosquitoes
  A warg (Orc:1)
  16 water moccasins
  2 hell hounds (Lair:4)
  3 wolves
  An ogre (Orc:2)
  6 bullfrogs (Lair:6)
  A wyvern skeleton (D:13)
  A howler monkey (D:10)
  A quasit (D:12)
  A jelly (D:14)
  3 orc wizards (D:12)
  2 hell rats (Lair:4)
93 creatures vanquished.

Vanquished Creatures (others)
  Nikola (Spider:3)
  A hydra (Lair:6)
  2 oklob plants (Lair:3)
  A black mamba (Lair:6)
  A cane toad (Lair:6)
  A blink frog (Lair:6)
  34 fungi
  134 plants
175 creatures vanquished.

Grand Total: 1071 creatures vanquished

Notes
Turn   | Place    | Note
-------+----------+-------------------------------------------
     0 | D:1      | Aapotti the Demigod Venom Mage began the quest for the Orb.
     0 | D:1      | Reached XP level 1. HP: 14/14 MP: 5/5
   115 | D:1      | Reached skill level 1 in Transmutations
   204 | D:1      | Reached skill level 2 in Spellcasting
   204 | D:1      | Reached XP level 2. HP: 5/20 MP: 0/7
   442 | D:1      | Learned a level 2 spell: Poisonous Vapours
  1160 | D:1      | Reached XP level 3. HP: 25/26 MP: 2/8
  1433 | D:2      | Learned a level 3 spell: Mephitic Cloud
  1645 | D:2      | Noticed Jessica
  1651 | D:2      | Killed Jessica
  1761 | D:2      | Reached XP level 4. HP: 21/33 MP: 4/10
  3576 | D:3      | Reached XP level 5. HP: 38/38 MP: 4/11
  3843 | D:3      | Reached skill level 1 in Conjurations
  3897 | D:3      | Reached skill level 1 in Air Magic
  4071 | D:3      | Reached skill level 3 in Spellcasting
  4146 | D:3      | Learned a level 3 spell: Ignite Poison
  4473 | D:3      | Reached XP level 6. HP: 45/45 MP: 2/13
  5108 | D:4      | Found a staircase to the Ecumenical Temple.
  5156 | D:4      | Noticed Sigmund
  5164 | D:4      | Killed Sigmund
  5165 | D:4      | Reached skill level 1 in Fighting
  5316 | D:4      | Reached skill level 1 in Armour
  5616 | D:4      | Reached XP level 7. HP: 52/52 MP: 9/15
  5653 | D:4      | Reached skill level 5 in Poison Magic
  5717 | D:4      | Noticed Natasha
  5720 | D:4      | Killed Natasha
  5749 | D:4      | Noticed Natasha
  5751 | D:4      | Killed Natasha
  5882 | D:4      | Noticed Natasha
  5889 | D:4      | Killed Natasha
  6366 | D:4      | Found Ilifeala's Distillery.
  6374 | D:4      | Bought 2 potions of degeneration for 28 gold pieces
  6377 | D:4      | Bought a potion of invisibility for 112 gold pieces
  6551 | D:5      | Entered Level 5 of the Dungeon
  7392 | D:5      | Reached skill level 4 in Spellcasting
  7492 | D:5      | Reached XP level 8. HP: 61/61 MP: 12/17
  7647 | D:5      | Found Hestem's Distillery.
  7650 | D:5      | Bought a potion of curing for 42 gold pieces
  8180 | D:6      | Learned a level 4 spell: Olgreb's Toxic Radiance
  8618 | D:6      | Reached skill level 5 in Spellcasting
  9839 | D:7      | Reached XP level 9. HP: 67/67 MP: 15/20
 10960 | D:7      | Found a runed translucent door.
 10961 | D:7      | Noticed Crazy Yiuf
 11205 | D:7      | Killed Crazy Yiuf
 11332 | D:8      | Reached skill level 6 in Spellcasting
 11332 | D:8      | Reached skill level 1 in Fire Magic
 11471 | D:8      | Reached skill level 1 in Evocations
 12710 | D:8      | Noticed Maggie
 12714 | D:8      | Killed Maggie
 12715 | D:8      | Reached XP level 10. HP: 73/73 MP: 9/24
 12981 | D:9      | Reached skill level 7 in Spellcasting
 13354 | D:9      | Found a staircase to the Lair.
 13398 | D:9      | Reached skill level 5 in Armour
 13809 | D:9      | Found Cenach's Hydra Hut.
 13811 | D:9      | Noticed a six-headed hydra
 14590 | D:10     | Entered Level 10 of the Dungeon
 14762 | D:10     | Learned a level 4 spell: Summon Ice Beast
 14766 | D:10     | Learned a level 3 spell: Summon Guardian Golem
 14899 | D:10     | Killed an unseen horror
 14900 | D:10     | Reached skill level 8 in Spellcasting
 14900 | D:10     | Reached skill level 1 in Summonings
 15113 | D:10     | Killed an unseen horror
 15751 | D:10     | Learned a level 4 spell: Summon Lightning Spire
 15780 | D:11     | Noticed Fannar
 15784 | D:11     | Killed Fannar
 15785 | D:11     | Reached XP level 11. HP: 50/79 MP: 13/27
 15834 | D:11     | Found a staircase to the Orcish Mines.
 15893 | D:11     | Found a flagged portal.
 15959 | Bailey   | Entered a bailey
 17167 | Bailey   | Noticed an orc knight
 17176 | Bailey   | Killed an orc knight
 17867 | Bailey   | Identified the Catalogue of Congealing Evil
 18331 | D:11     | Identified the +5 scale mail of Honesty {Stlth+}
 18646 | D:11     | Reached skill level 5 in Dodging
 18646 | D:11     | Reached skill level 9 in Spellcasting
 18826 | D:11     | Noticed a death knight
 18833 | D:11     | Killed a death knight
 18836 | D:11     | HP: 3/79 [battlesphere[a tengu conjurer] (15)]
 19173 | D:11     | Reached skill level 5 in Summonings
 19710 | D:11     | Found a portal to a secret trove of treasure.
 20126 | Lair:1   | Entered Level 1 of the Lair of Beasts
 20644 | Lair:1   | Reached skill level 1 in Ice Magic
 20965 | Lair:1   | Gained mutation: You have sharp fingernails. [potion of
                  | mutation]
 20965 | Lair:1   | Gained mutation: You have sharp toenails. [potion of
                  | mutation]
 21590 | Lair:2   | Upgraded the game from 0.27-a0-686-gaed091b46b to
                  | 0.27-a0-695-gb4952372f7
 22557 | Lair:3   | Noticed a six-headed hydra
 22566 | Lair:3   | Killed a six-headed hydra
 22871 | Lair:3   | Reached XP level 12. HP: 85/85 MP: 22/30
 23009 | Lair:3   | Noticed an eight-headed hydra
 23014 | Lair:3   | Found a transporter.
 23172 | Lair:3   | Found a transporter.
 23174 | Lair:3   | Noticed stripedtigrrr's ghost (journeyman GnAK)
 23776 | Lair:3   | Identified the Incunabulum of the Spatial Blaze
 23784 | Lair:3   | Identified the +6 hand axe of Ceyschoc {freeze, rC+ MP+9}
 23793 | Lair:3   | Identified the +0 fire dragon scales "Okkuyrgh" {-Cast rF++
                  | rC- rN+++ rCorr Int-5}
 23954 | Lair:3   | Identified the +0 quarterstaff of the Snake Pit {vorpal,
                  | rF- rN+++ Will- Str+4}
 24156 | Lair:3   | Found a staircase to the Shoals.
 24635 | Lair:4   | Reached skill level 10 in Spellcasting
 24903 | Lair:4   | Found a hole to the Spider Nest.
 24953 | Lair:4   | Found a dark tunnel.
 26369 | Lair:5   | Found a runed translucent gate.
 26369 | Lair:5   | Found a runed translucent gate.
 26369 | Lair:5   | Found a runed translucent gate.
 26372 | Lair:5   | Noticed a minotaur
 26373 | Lair:5   | Noticed omer1ben's ghost (journeyman DrFE)
 27477 | Lair:5   | Identified the +2 pair of gloves of the Turtle {rN+}
 27777 | Lair:6   | Entered Level 6 of the Lair of Beasts
 27777 | Lair:6   | Found a staircase to the Slime Pits.
 27947 | Lair:6   | Reached XP level 13. HP: 94/94 MP: 2/31
 28418 | Lair:5   | Killed a minotaur
 28546 | Lair:5   | Killed omer1ben's ghost
 28680 | Lair:5   | Identified the Compendium of Excruciating Evil Arts
 30423 | Lair:6   | Found the +7 Singing Sword {vorpal, sonic wave}
 30441 | Lair:6   | Identified Asizeock's Disquisition on Twisted Translocation
 30453 | Lair:6   | Learned a level 5 spell: Borgnjor's Vile Clutch
 30838 | Orc:1    | Entered Level 1 of the Orcish Mines
 30859 | Orc:1    | Reached skill level 5 in Fighting
 31380 | Orc:2    | Entered Level 2 of the Orcish Mines
 32109 | Orc:2    | Reached skill level 1 in Necromancy
 32398 | Orc:2    | Found Ecinamo's Distillery.
 32477 | Orc:2    | Noticed Erolcha
 32486 | Orc:2    | Killed Erolcha
 32582 | Orc:2    | Noticed Nergalle
 32590 | Orc:2    | Killed Nergalle
 32749 | Orc:2    | Found Xacobim's Antique Armour Shop.
 32762 | Orc:2    | Bought a runed helmet for 157 gold pieces
 32876 | Orc:2    | Found Ynodaliw's Book Shop.
 32876 | Orc:2    | Found Xoticeg's Jewellery Boutique.
 32909 | Orc:2    | Bought the ring "Boqun" {rElec rF++ rC+} for 621 gold
                  | pieces
 33039 | Orc:2    | Found a staircase to the Elven Halls.
 33187 | Orc:2    | Noticed an orc warlord
 33217 | Orc:2    | Killed an orc warlord
 33866 | D:12     | Found a runed translucent door.
 33871 | D:12     | Noticed a tengu reaver
 33994 | D:12     | Reached XP level 14. HP: 107/107 MP: 20/33
 34357 | D:12     | Reached skill level 1 in Long Blades
 34504 | D:12     | Reached skill level 11 in Spellcasting
 35521 | D:13     | Noticed Kirke
 35528 | D:13     | Killed Kirke
 36290 | D:13     | Noticed Jorgrun
 36298 | D:13     | Killed Jorgrun
 36299 | D:13     | Reached skill level 10 in Dodging
 36833 | Spider:1 | Entered Level 1 of the Spider Nest
 36850 | Spider:1 | Reached skill level 10 in Armour
 37336 | Spider:1 | Noticed Louise
 37346 | Spider:1 | Killed Louise
 37351 | Spider:1 | Reached skill level 5 in Necromancy
 37476 | Spider:1 | Noticed a ghost moth
 37489 | Spider:1 | Killed a ghost moth
 38166 | Spider:2 | You fall into a shaft and drop 1 floor!
 38178 | Spider:2 | Noticed a ghost moth
 38195 | Spider:2 | Killed a ghost moth
 38196 | Spider:2 | Reached skill level 5 in Long Blades
 38404 | Spider:2 | Noticed Arachne
 38427 | Spider:2 | Killed Arachne
 38428 | Spider:2 | Reached XP level 15. HP: 39/115 MP: 3/35
 38855 | Spider:2 | You fall into a shaft and drop 1 floor!
 38873 | Spider:3 | Reached skill level 5 in Stealth
 39234 | Spider:3 | Identified the +4 mace "Cohu" {venom, +Fly Stlth+}
 39258 | Spider:3 | Identified the +1 scale mail "Leyh" {rN++ Dex-4 Slay+2}
 39277 | Spider:3 | Reached skill level 12 in Spellcasting
 39292 | Spider:3 | Noticed Nikola
 39655 | Spider:3 | Noticed Donald
 39663 | Spider:3 | Killed Donald
 40091 | Spider:3 | Killed Nikola
 40111 | Spider:3 | Learned a level 4 spell: Dispel Undead
 40364 | Spider:3 | Found a runed translucent gate.
 40366 | Spider:3 | Found a runed translucent gate.
 40367 | Spider:3 | Found a runed translucent gate.
 40368 | Spider:3 | Noticed Kefeps's ghost (adept MiBe)
 42590 | D:14     | Identified a scroll of acquirement
 42591 | D:14     | Acquired a +1 pair of boots of stealth
 43253 | D:14     | Found a gate to the Vaults.
 43342 | D:14     | Identified the +3 ring mail of Wimeuluz {+Fly Str+4 Dex+3}
 43421 | D:15     | Entered Level 15 of the Dungeon
 43966 | D:15     | Identified the +0 chain mail "Ryiteebbano" {+Inv rPois rC-
                  | rCorr}
 44163 | D:15     | Found a staircase to the Depths.
 44269 | D:15     | Reached skill level 1 in Earth Magic
 45047 | Shoals:1 | Entered Level 1 of the Shoals
 45053 | Shoals:1 | Reached skill level 1 in Shields
 45068 | Lair:3   | Drowned by a water elemental

Illustrated notes

Levels and vault maps discovered:
D:1:      dpeg_arrival_orchard, layout_basic
D:2:      layout_loops_ring, nicolae_sif_muna_little_library,
          nicolae_gozag_seed_capital, led_sif_pool, uniq_jessica
D:3:      layout_basic, lemuel_round_altar, nicolae_hepliaklqana_hazy_memory
D:4:      layout_layer_cave, grunt_temple_overflow_open,
          minmay_temple_entry_antechambers, serial_shops, shop_statue,
          serial_bayou_pond_d, uniq_sigmund, uniq_natasha
D:5:      layout_gridville, lemuel_crystal_altar, serial_shops, shop_statue,
          small_statue_intersection
D:6:      layout_loops_ring, old_standard_altar, okawaru_trees_1
D:7:      layout_layer_cave, overflow_temple_1_default, lightli_temple_of_fire,
          uniq_crazy_yiuf_cottage
D:8:      layout_rooms, marbit_many_paths, uniq_maggie
D:9:      layout_loops_corners, lair_entry_dummy, minmay_holes,
          chequers_serial_rivers_micro_d, doesnt_shop_hydraphobe
D:10:     layout_cross, jiyva_altar_1
D:11:     minmay_chambers_of_sevens, layout_stronghold, orc_0_dummy,
          enter_trove_0, enter_bailey_3, kennysheep_donut, uniq_fannar
D:12:     minmay_wizard_corner, layout_cave_pools, minmay_st_funbox
D:13:     layout_roguey, hangedman_abyss_or_decor_clamps, kennysheep_crisscross,
          minmay_liquid_box, minmay_misc_feat_x, uniq_jorgrun, uniq_kirke
D:14:     layout_basic, grunt_vaults_entry_tiered, zin_angel
D:15:     grunt_enter_depths_hoard, layout_long_grid, fedhas_altar_4
Lair:1:   layout_loops_ring
Lair:2:   layout_regular_city, chequers_serial_rivers_micro_a,
          serial_bayou_shore_a
Lair:3:   layout_cave_pods, minmay_shoals_entry_lonely_mermaid,
          gammafunk_ghost_arena, minmay_lair_oklob_chamber
Lair:4:   layout_big_grid, nicolae_spider_entry_orb_guardian, enter_volcano_3,
          infiniplex_staircase_pool
Lair:5:   minmay_lair_oklob_tunnel, layout_concentric_octagons,
          maelrawn_ghost_gauntlet_escape
Lair:6:   minmay_lair_end_frog_pond, layout_regular_city, slime_altar_1,
          lemuel_fruit_fields
Shoals:1: layout_shoals, nicolae_shoals_flooded_hall
Spider:1: layout_spider_delve, drop_trap, uniq_louise
Spider:2: layout_spider_delve, uniq_arachne
Spider:3: layout_spider_delve, gammafunk_ghost_split, uniq_donald, uniq_nikola
Orc:1:    layout_caves
Orc:2:    kennysheep_orc_mage_school, layout_diamond_mine, minmay_orc_barracks

Skill      XL: |  1  2  3  4  5  6  7  8  9 10 11 12 13 14 15 |
---------------+----------------------------------------------+-----
Transmutations | 1 2 |  2.0
Stealth        | 2 3 4 6 |  6.0
Spellcasting   | 2 3 4 5 6 8 9 10 11 12 | 12.0
Poison Magic   | 3 4 6 8 9 |  9.0
Conjurations   | 1 2 |  2.0
Air Magic      | 1 2 3 4 |  4.0
Dodging        | 2 3 6 8 9 10 | 10.0
Fighting       | 1 2 3 5 6 8 |  8.0
Armour         | 1 2 4 6 8 9 10 | 10.1
Fire Magic     | 2 |  2.0
Evocations     | 3 4 |  4.0
Summonings     | 3 6 8 |  8.0
Ice Magic      | 2 3 4 |  4.0
Necromancy     | 2 5 8 |  8.1
Long Blades    | 5 7 |  7.8
Earth Magic    | 1 |  1.2
Shields        | 1 |  1.1

Action                   |  1- 3 |  4- 6 |  7- 9 | 10-12 | 13-15 || total
-------------------------+-------+-------+-------+-------+-------++-------
Melee: Dagger            |    29 |     5 |       |       |       ||    34
       Staff             |       |    19 |    51 |    78 |    61 ||   209
       War axe           |       |     6 |    32 |       |       ||    38
       Whip              |       |       |    22 |    21 |    19 ||    62
       Falchion          |       |       |       |     9 |       ||     9
       Long sword        |       |       |       |     4 |    80 ||    84
       Double sword      |       |       |       |       |    48 ||    48
Throw: Boomerang         |       |       |     3 |     1 |       ||     4
 Cast: Sting             |    55 |    50 |    46 |    11 |     2 ||   164
       Poisonous Vapours |     3 |    74 |    86 |   105 |    79 ||   347
       Mephitic Cloud    |       |     1 |    17 |    46 |    29 ||    93
       Olgreb's Toxic Ra |       |       |    38 |   120 |   241 ||   399
       Ignite Poison     |       |       |    21 |    82 |   116 ||   219
       Summon Ice Beast  |       |       |       |    58 |    56 ||   114
       Summon Lightning  |       |       |       |    28 |    37 ||    65
       Summon Guardian G |       |       |       |    16 |    20 ||    36
       Dispel Undead     |       |       |       |       |    28 ||    28
 Abil: Evoke Flight      |       |       |     1 |     4 |       ||     5
Evoke: Lightning rod     |       |       |       |     4 |    19 ||    23
       Wand              |       |       |       |       |     5 ||     5
  Use: Scroll            |       |       |     4 |    16 |    12 ||    32
       Potion            |       |       |       |     1 |    11 ||    12
 Stab: Distracted        |       |       |       |       |     1 ||     1
Armor: Robe              |     6 |     5 |       |       |       ||    11
       Leather armour    |       |     1 |    51 |    75 |       ||   127
       Scale mail        |       |       |       |     1 |   267 ||   268
Dodge: Dodged            |    27 |    20 |    77 |   113 |   335 ||   572
Block: Other             |     8 |     3 |    29 |    28 |       ||    68
       Reflection        |       |       |     4 |     2 |       ||     6
       Rpst.: Falchion   |       |       |       |     4 |       ||     4
       Long sword        |       |       |       |     3 |    23 ||    26
       Double sword      |       |       |       |       |    16 ||    16

Table legend: (Time is in decaauts)
 A = Elapsed time spent in this place.
 B = Non-inter-level travel time spent in this place.
 C = Inter-level travel time spent in this place.
 D = Time resting spent in this place.
 E = Time spent auto-exploring this place.
 F = Levels seen in this place.
 G = Mean time per level.
                   A        B        C        D        E       F      G
               +--------+--------+--------+--------+--------+-----+--------+
         Total |  45226 |  43340 |   1886 |  18280 |  16639 |  28 | 1615.2 |
       Dungeon |  24575 |  23514 |   1061 |   9064 |  10587 |  15 | 1638.3 |
          Lair |  11371 |  10733 |    638 |   4639 |   4133 |   6 | 1895.2 |
        Shoals |      6 |      6 |      0 |      0 |      0 |   1 |    6.0 |
   Spider Nest |   4599 |   4501 |     98 |   2158 |   1116 |   3 | 1533.0 |
  Orcish Mines |   2764 |   2677 |     87 |   1147 |    801 |   2 | 1382.0 |
        Bailey |   1908 |   1908 |      0 |   1271 |      0 |   1 | 1908.0 |
               +--------+--------+--------+--------+--------+-----+--------+

Top non-repeatable levels by time:
  Lair:5: 2414 daAuts
  Lair:6: 2378 daAuts
    D:11: 2374 daAuts
     D:7: 2339 daAuts
   Orc:2: 2209 daAuts
  Lair:3: 2204 daAuts
     D:9: 2093 daAuts
Spider:3: 2069 daAuts
  Bailey: 1908 daAuts
     D:2: 1833 daAuts
     D:3: 1831 daAuts
  Lair:4: 1711 daAuts
Spider:2: 1663 daAuts
    D:14: 1581 daAuts
    D:13: 1536 daAuts
